 Seeded DCSS version 0.24.1-14-gf8d2b509d9 (webtiles) character file.

Game seed: 20230225, levelgen mode: deterministic

103 Mickster the Skirmisher (level 4, -32/37 HPs)
             Began as a Demigod Wanderer on Feb 25, 2023.
             Annihilated by a large abomination (36 damage)
             ... on level 1 of the Abyss.
             The game lasted 00:16:12 (1758 turns).

Mickster the Skirmisher (Demigod Wanderer)          Turns: 1758, Time: 00:16:13

Health: -32/37     AC:  7    Str: 17    XL:     4   Next: 27%
Magic:  8/8        EV:  9    Int: 16    God:
Gold:   90         SH:  0    Dex: 15    Spells: 5/6 levels left

rFire    . . .     SeeInvis .   a - +2 short sword
rCold    . . .     Gourm    .   (no shield)
rNeg     . . .     Faith    .   n - +0 scale mail
rPois    .         Spirit   .   (no helmet)
rElec    .         Reflect  .   (no cloak)
rCorr    .         Harm     .   h - +0 pair of gloves
MR       .....                  (no boots)
Stlth    ..........             (no amulet)
HPRegen  0.12/turn              (no ring)
MPRegen  0.11/turn              (no ring)

@: no status effects
A: high mp 1
a: no special abilities


You were on level 1 of the Abyss.
You were not hungry.

You visited 1 branch of the dungeon, and saw 2 of its levels.
You visited the Abyss 1 time.

You collected 90 gold pieces.

Inventory:

Hand Weapons
 a - a +2 short sword (weapon)
 o - a +0 shortbow
Missiles
 e - 14 poisoned darts (quivered)
 k - 19 arrows
Armour
 d - a +0 robe
 h - a +0 pair of gloves (worn)
 n - a +0 scale mail (worn)
Scrolls
 g - a scroll of remove curse
 i - a scroll of amnesia {unknown}
 j - a scroll of teleportation
 l - a scroll of enchant weapon {unknown}
Potions
 b - 2 potions of lignification {unknown}
 c - a potion of curing
 m - a potion of cancellation {unknown}
Comestibles
 f - 3 rations


   Skills:
 + Level 2.8 Fighting
 + Level 2.1 Short Blades
 + Level 1.1 Throwing
 + Level 0.4 Armour
 + Level 1.1 Dodging
 + Level 0.9 Stealth
   Level 1.0 Shields
 + Level 1.5 Spellcasting
   Level 1.7 Summonings
   Level 1.7 Air Magic


You had 5 spell levels left.
You knew the following spells:

 Your Spells              Type           Power        Failure   Level  Hunger
a - Apportation           Tloc           #.....       61%         1    ##.....

Your spell library contained the following spells:

 Spells                   Type           Power        Failure   Level  Hunger
 Beastly Appendage        Tmut           #.....       61%         1    ##.....
 Sticks to Snakes         Tmut           #.......     75%         2    ###....
 Lesser Beckoning         Tloc           #.........   93%         3    ####...
 Spider Form              Tmut/Pois      #.........   93%         3    ####...
 Ice Form                 Ice/Tmut       #.......     100%        4    #####..
 Blade Hands              Tmut           #.........   100%        5    ######.


Dungeon Overview and Level Annotations

Branches:
Dungeon (2/15)


Innate Abilities, Weirdness & Mutations

You have an increased reservoir of magic. (+10% MP)


Message History

You see here a shortbow.
o - a shortbow
Found two shimmering altars of Xom.
Found three shimmering altars of Xom.
There is a shimmering altar of Xom here.
There is a corrupted altar of Lugonu here.
There is a corrupted altar of Lugonu here.
A being of your status worships no god.
A large abomination comes into view.
The large abomination hits you!!
Ouch! That really hurt!
You hit the large abomination but do no damage.
The large abomination barely misses you.
You hit the large abomination but do no damage.
The large abomination hits you!
* * * LOW HITPOINT WARNING * * *
You hit the large abomination but do no damage.
The large abomination hits you!!!
Ouch! That really hurt!
You die...

### #.# #.# #.# #.#
#.######### .
#.##..#...#... # #
#.#..##.#..#
...#.##.....@X.#. #
.#.._.......#
#......__...#
###.._._._....# #
...._...._.....
#.#....____......#
.
##..##._.........§#
... ..#§..#..##.§§


You could see a large abomination.

Vanquished Creatures
  Natasha (thrice) (D:2)
  An adder (D:2)
  A dart slug (D:1)
  A leopard gecko (D:1)
  A giant cockroach (D:1)
  A goblin (D:2)
  2 hobgoblins (D:1)
  A quokka (D:2)
  2 ball pythons (D:1)
  6 bats
  A frilled lizard (D:2)
  3 rats
23 creatures vanquished.

Notes
Turn   | Place    | Note
-------+----------+-------------------------------------------
     0 | D:1      | Mickster the Demigod Wanderer began the quest for the Orb.
     0 | D:1      | Mickster set off with the following items: a +2 short
                  | sword, a potion of curing, a +0 robe, a ration; and the
                  | following spell memorised: Apportation; and the following
                  | spells available to memorise: Lesser Beckoning
     0 | D:1      | Reached XP level 1. HP: 17/17 MP: 4/4
   431 | D:1      | Reached XP level 2. HP: 19/24 MP: 6/6
   663 | D:1      | You fall into a shaft and drop 1 floor!
  1086 | D:2      | Noticed Natasha
  1105 | D:2      | Killed Natasha
  1105 | D:2      | Reached XP level 3. HP: 16/30 MP: 7/7
  1199 | D:2      | Noticed Natasha
  1226 | D:2      | Killed Natasha
  1226 | D:2      | Reached skill level 1 in Dodging
  1623 | D:2      | Noticed Natasha
  1628 | D:2      | Killed Natasha
  1628 | D:2      | Reached XP level 4. HP: 36/37 MP: 8/8
  1678 | D:2      | Cast into level 1 of the Abyss (gnoll)
  1690 | Abyss:1  | Found a shimmering altar of Xom.
  1691 | Abyss:1  | Found a shimmering altar of Xom.
  1691 | Abyss:1  | Found a shimmering altar of Xom.
  1692 | Abyss:1  | Found a shimmering altar of Xom.
  1693 | Abyss:1  | Found a shimmering altar of Xom.
  1693 | Abyss:1  | Found a shimmering altar of Xom.
  1693 | Abyss:1  | Found a corrupted altar of Lugonu.
  1693 | Abyss:1  | Found a shimmering altar of Xom.
  1716 | Abyss:1  | Found a shimmering altar of Xom.
  1719 | Abyss:1  | Found a shimmering altar of Xom.
  1719 | Abyss:1  | Found a shimmering altar of Xom.
  1720 | Abyss:1  | Found a corrupted altar of Lugonu.
  1720 | Abyss:1  | Found a shimmering altar of Xom.
  1724 | Abyss:1  | Found a shimmering altar of Xom.
  1724 | Abyss:1  | Found a shimmering altar of Xom.
  1725 | Abyss:1  | Found a shimmering altar of Xom.
  1725 | Abyss:1  | Found a shimmering altar of Xom.
  1725 | Abyss:1  | Found a shimmering altar of Xom.
  1748 | Abyss:1  | Found a shimmering altar of Xom.
  1752 | Abyss:1  | Noticed a large abomination
  1758 | Abyss:1  | Annihilated by a large abomination

Levels and vault maps discovered:
D:1:      dpeg_arrival_tiny_a, layout_basic, kennysheep_flooded_box,
          minmay_misc_feat_rows
D:2:      layout_basic, uniq_natasha
Abyss:1:  base: D:1, bh_abyss_xom_lugonu_altar, bh_abyss_xom_lugonu_altar

Skill      XL: |  1  2  3 |
---------------+----------+-----
Fighting       | 2 |  2.8
Short Blades   | 2 |  2.1
Dodging        | 1 |  1.1
Throwing       | |  1.1
Armour         | |  0.4
Stealth        | |  0.9
Shields        | |  1.0
Spellcasting   | |  1.5
Summonings     | |  1.7
Air Magic      | |  1.7

Action                   |  1- 3 |  4- 6 || total
-------------------------+-------+-------++-------
Melee: Short sword       |    63 |     3 ||    66
Throw: Dart              |     3 |     3 ||     6
  Use: Scroll            |     5 |       ||     5
       Potion            |     1 |       ||     1
 Stab: Sleeping          |     1 |       ||     1
  Eat: Ration            |     1 |       ||     1
Armor: Robe              |    24 |       ||    24
       Scale mail        |    18 |       ||    18
Dodge: Dodged            |    50 |     4 ||    54
